 Dungeon Crawl Stone Soup version 0.31.0-2-g5a2aebc5c2 (webtiles) character file.

Game seed: 4589165633517648340

39600 BigPumpCobain the Thaumaturge (level 13, 0/108 HPs)
             Began as a Purple Draconian Conjurer on Jan 20, 2024.
             Was an Elder of Vehumet.
             Killed from afar by an orc sorcerer (31 damage)
             ... with a bolt of fire
             ... on level 1 of the Orcish Mines.
             The game lasted 00:46:53 (20698 turns).

BigPumpCobain the Thaumaturge (DrCj)               Turns: 20698, Time: 00:46:53

Health: 0/108      AC: 16    Str: 10    XL:     13   Next: 70%
Magic:  15/31      EV: 13    Int: 32    God:    Vehumet [****..]
Gold:   1124       SH:  0    Dex:  9    Spells: 24/40 levels left

rFire   . . .        b - +0 short sword (flame)
rCold   . . .        (no shield)
rNeg    . . .        (body armour unavailable)
rPois   .            (helmet restricted)
rElec   .            (no cloak)
rCorr   .            J - +0 pair of gloves
SInv    .            h - +2 pair of boots
Will    +....        (no amulet)
Stlth   +            g - +4 ring of protection
HPRegen 0.38/turn    A - +6 ring of intelligence
MPRegen 0.22/turn

%: no passive effects
@: contaminated, glowing
A: breathe power, AC +8, unfitting armour, cold-blooded, clever 1
a: Breathe Dispelling Energy, Renounce Religion


You were on level 1 of the Orcish Mines.
You worshipped Vehumet.
Vehumet was greatly pleased with you.
You visited 4 branches of the dungeon, and saw 16 of its levels.

You collected 1124 gold pieces.

Inventory:

Hand Weapons
 b - a +0 short sword of flaming (weapon)
Missiles
 m - 35 poisoned darts
 z - a curare-tipped dart
Armour
 h - a +2 pair of boots (worn)
 J - a +0 pair of gloves (worn)
Jewellery
 g - a +4 ring of protection (left hand)
 n - a ring of willpower
 A - a +6 ring of intelligence (right hand)
 G - a ring of positive energy
Wands
 j - a wand of mindburst (6)
 r - a wand of acid (6)
 t - a wand of charming (18)
 C - a wand of polymorph (7)
Scrolls
 a - 2 scrolls of amnesia
 e - 4 scrolls of brand weapon
 f - 3 scrolls of immolation
 p - 3 scrolls of enchant weapon
 q - 2 scrolls of torment
 s - 4 scrolls of teleportation
 u - a scroll of identify
 v - a scroll of summoning
 w - a scroll of blinking
 B - 2 scrolls of vulnerability
 I - 2 scrolls of fear
 K - a scroll of poison
Potions
 c - a potion of resistance {unknown}
 d - 2 potions of heal wounds
 i - 4 potions of might
 k - a potion of haste {unknown}
 l - 2 potions of degeneration {unknown}
 o - 4 potions of enlightenment {unknown}
 D - a potion of magic
 E - 4 potions of lignification {unknown}
 F - 8 potions of ambrosia
 H - 2 potions of curing {unknown}
 L - a potion of attraction {unknown}


   Skills:
 + Level 8.6 Fighting
 + Level 5.5 Dodging
 - Level 5.1 Stealth
 * Level 14.3 Spellcasting
 * Level 13.6 Conjurations
 + Level 8.6 Translocations
 + Level 7.3 Alchemy


You had 24 spell levels left.
You knew the following spells:

 Your Spells              Type           Power      Damage    Failure   Level
a - Magic Dart            Conj           100%       1d8       0%          1
b - Searing Ray           Conj           100%       2d8       0%          2
c - Iskenderun's Mystic   Conj/Tloc      76%        2d15      1%          4
d - Irradiate             Conj/Alch      37%        3d24      1%          5
e - Fulminant Prism       Conj/Alch      37%        3d18      1%          4

Your spell library contained the following spells:

 Spells                   Type           Power      Damage    Failure   Level
 Hailstorm                Conj/Ice       61%        3d11      1%          3
 Inner Flame              Hex/Fire       22%        N/A       1%          3
 Flame Wave               Conj/Fire      61%        2d14      1%          4
 Passage of Golubria      Tloc           67%        N/A       1%          4
 Sticky Flame             Fire/Alch      46%        2d9       1%          4
 Call Imp                 Summ           44%        N/A       3%          2
 Ensorcelled Hibernation  Hex/Ice        44%        N/A       3%          2
 Sublimation of Blood     Necr           22%        N/A       3%          2
 Passwall                 Erth           22%        N/A       6%          3
 Summon Ice Beast         Ice/Summ       22%        N/A       6%          3
 Swiftness                Air            22%        N/A       6%          3
 Silence                  Hex/Air        11%        N/A       50%         5
 Summon Mana Viper        Hex/Summ       22%        N/A       50%         5
 Lehudib's Crystal Spear  Conj/Erth      30%        10d8      86%         8
 Monstrous Menagerie      Summ           11%        N/A       100%        7
 Summon Hydra             Summ           11%        N/A       100%        7
 Ignition                 Fire           11%        3d5       100%        8


Dungeon Overview and Level Annotations

Branches:
Dungeon (10/15)            Temple (1/1) D:4            Lair (4/5) D:8
  Swamp (0/4) Lair:3        Snake (0/4) Lair:3        Slime (0/5) Lair:4
    Orc (1/2) D:9

Altars:
Ashenzari
Cheibriados
Dithmenos
Elyvilon
Fedhas
Gozag
Hepliaklqana
Kikubaaqudgha
Makhleb
Nemelex Xobeh
Okawaru
Qazlal
Ru
Sif Muna
Trog
Uskayaw
Vehumet
Wu Jian
Xom
Yredelemnul
Zin
The Shining One

Shops:
D:4 !=   D:9 ?

Annotations:
D:3 2 transporters, SuperJoe's ghost, amateur AtHs
Orc:1 Snorg


Innate Abilities, Weirdness & Mutations

You can breathe bolts of dispelling energy.
Your rich purple scales are hard. (AC +8)
You cannot fit into any form of body armour.
You are cold-blooded and may be slowed by cold attacks.
Your mind is acute. (Int +4, Str/Dex -1)


Message History

Confirm with . or Enter, or press ? or * to list all spells.
You erupt in a blast of force!
The mystic blast hits the orc sorcerer.
The orc sorcerer is lightly wounded.
The orc sorcerer is knocked back by the mystic blast.
The mystic blast hits Snorg!!
Snorg is moderately wounded.
Snorg is knocked back by the mystic blast.
Snorg slams into the rock wall!
Snorg is moderately wounded.
The mystic blast hits the orc warrior!
You kill the orc warrior!
Vehumet accepts your kill.
You feel your power returning.
Casting: Iskenderun's Mystic Blast (safe; 1% risk of failure)
Confirm with . or Enter, or press ? or * to list all spells.
You erupt in a fountain of uncontrolled magic!
Snorg is blasted with magical radiation!!!
Snorg is severely wounded.
Snorg twists and deforms.
You are lightly contaminated with residual magic.
Snorg bites you. Snorg claws you but does no damage. Snorg barely misses you.
The orc sorcerer gestures wildly while chanting.
An orc priest comes into view. It is wielding a +0 hand axe.
Snorg bites you! Snorg claws you. Snorg barely misses you.
Casting: Irradiate (mildly dangerous; 1% risk of failure)
Confirm with . or Enter, or press ? or * to list all spells.
You erupt in a fountain of uncontrolled magic!
Snorg is blasted with magical radiation!!
Snorg is almost dead.
Snorg twists and deforms.
You are contaminated with residual magic.
The orc priest shouts!
Snorg closely misses you. Snorg barely misses you. Snorg closely misses you.
The orc sorcerer gestures at you while chanting.
The bolt of fire hits you!! Snorg closely misses you.
Snorg claws you but does no damage. Snorg claws you.
* * * LOW HITPOINT WARNING * * *
The orc sorcerer gestures at you while chanting.
The bolt of fire hits you!!
You die...

....... . ....
o.#. .......$.
..... .o#
#........ .
#$....#.# ...
.....[O.##..#.#
......[@[....#
.#....$T.[..##
....##.##.###
... ## ## .


You could see Snorg (berserk, misshapen), an orc sorcerer, an ogre and an orc
priest.

Vanquished Creatures
  Fannar (Lair:2)
  3 hydras
  Erica (D:10)
  2 boulder beetles
  10 death yaks
  A skyshark (Lair:4)
  Nergalle (Lair:2)
  An orc knight (Orc:1)
  A wolf spider (Lair:1)
  A cyclops (D:8)
  3 black mambas
  6 elephants (Lair:4)
  11 cane toads
  An unseen horror (D:10)
  A rime drake (Lair:3)
  7 komodo dragons
  A troll (D:9)
  A polar bear (Lair:4)
  2 hornets (D:9)
  A queen bee (D:9)
  9 blink frogs
  Sigmund (D:6)
  44 yaks
  2 shadows
  Eustachio (D:5)
  6 wyverns
  A warg (D:9)
  2 basilisks
  2 swamp worms (Lair:3)
  3 nagas (Lair:3)
  10 water moccasins
  2 hell hounds (Lair:4)
  7 orc warriors
  5 ogres
  2 black bears (Lair:2)
  4 wolves
  6 centaurs
  A phantom (D:4)
  3 kobold brigands
  12 bullfrogs
  3 gnoll sergeants
  3 scorpions
  4 wights (D:8)
  25 killer bees (D:9)
  2 howler monkeys
  2 bombardier beetles
  10 orc priests
  2 gnoll boudas (D:8)
  3 hounds
  2 jellies
  Jessica (D:3)
  3 sleepcaps
  6 iguanas
  11 orc wizards
  26 gnolls
  11 adders
  An ufetubus (D:5)
  2 dart slugs (D:5)
  35 orcs
  4 endoplasms
  7 giant cockroaches
  2 goblins
  6 hobgoblins
  10 jackals (D:3)
  A quokka (D:2)
  A ball python (D:1)
  6 bats
  3 frilled lizards
  17 kobolds
  2 rats (D:2)
390 creatures vanquished.

Vanquished Creatures (others)
  2 fulminant prisms
2 creatures vanquished.

Grand Total: 392 creatures vanquished

Notes
Turn   | Place    | Note
-------+----------+-------------------------------------------
     0 | D:1      | BigPumpCobain the Draconian Conjurer began the quest for
                  | the Orb.
     0 | D:1      | Reached XP level 1. HP: 14/14 MP: 3/3
   760 | D:2      | Found a faded altar of an unknown god.
   769 | D:2      | Reached XP level 2. HP: 20/20 MP: 0/5
   772 | D:2      | Learned a level 2 spell: Searing Ray
  1388 | D:3      | Noticed Jessica
  1392 | D:3      | Killed Jessica
  1393 | D:3      | Reached XP level 3. HP: 26/26 MP: 1/7
  1557 | D:3      | Found a blossoming altar of Fedhas.
  1667 | D:3      | Found a transporter.
  1667 | D:3      | Noticed SuperJoe's ghost (amateur AtHs)
  1866 | D:3      | Found a transporter.
  2011 | D:3      | Reached skill level 3 in Spellcasting
  2011 | D:3      | Reached XP level 4. HP: 33/33 MP: 4/8
  2182 | D:3      | Reached skill level 5 in Conjurations
  2316 | D:3      | Reached XP level 5. HP: 24/38 MP: 4/10
  2606 | D:3      | Found a burning altar of Makhleb.
  2773 | D:4      | Found a white marble altar of Elyvilon.
  3109 | D:4      | Noticed a phantom
  3117 | D:4      | Killed a phantom
  3207 | D:4      | Found Meqoicki's Jewellery Shoppe.
  3215 | D:4      | Reached skill level 4 in Spellcasting
  3215 | D:4      | Reached XP level 6. HP: 44/45 MP: 3/12
  3542 | D:4      | Found a staircase to the Ecumenical Temple.
  3670 | Temple   | Entered the Ecumenical Temple
  3722 | D:4      | Found Bizu's Distillery.
  4096 | D:4      | Found a glowing golden altar of the Shining One.
  4371 | D:5      | Entered Level 5 of the Dungeon
  4532 | D:5      | Your scales start taking on a rich purple colour.
  4532 | D:5      | Reached skill level 5 in Spellcasting
  4532 | D:5      | Reached XP level 7. HP: 50/50 MP: 10/15
  4815 | D:5      | Reached skill level 6 in Spellcasting
  4815 | D:5      | Reached skill level 1 in Translocations
  5456 | D:5      | Noticed Eustachio
  5477 | D:5      | Killed Eustachio
  5478 | D:5      | Reached XP level 8. HP: 53/57 MP: 6/18
  5870 | D:5      | Reached skill level 7 in Spellcasting
  6530 | D:6      | Noticed Sigmund
  6536 | D:6      | Killed Sigmund
  6537 | D:6      | Reached skill level 5 in Stealth
  6689 | D:6      | Reached skill level 8 in Spellcasting
  6792 | D:6      | Reached XP level 9. HP: 62/62 MP: 12/21
  6859 | D:6      | Learned a level 4 spell: Iskenderun's Mystic Blast
  7017 | D:6      | Found a hide-covered altar of Uskayaw.
  7738 | D:7      | Reached skill level 1 in Fighting
  8932 | D:8      | Found a staircase to the Lair.
  8933 | D:8      | Noticed a komodo dragon
  8951 | D:8      | Killed a komodo dragon
  8952 | D:8      | Reached skill level 9 in Spellcasting
  8952 | D:8      | Reached skill level 1 in Alchemy
  9636 | D:8      | Found an ornate altar of the Wu Jian Council.
  9636 | D:8      | Found a radiant altar of Vehumet.
  9636 | D:8      | Found an ancient bone altar of Kikubaaqudgha.
  9637 | D:8      | Found a shimmering blue altar of Sif Muna.
  9638 | D:8      | Found a broken altar of Ashenzari.
  9640 | D:8      | Found a stormy altar of Qazlal.
  9644 | D:8      | Became a worshipper of Vehumet
  9872 | D:8      | Found a shadowy altar of Dithmenos.
  9888 | D:8      | Learned a level 5 spell: Irradiate
  9893 | D:8      | Learned a level 4 spell: Fulminant Prism
 10231 | D:8      | Noticed a cyclops
 10269 | D:8      | Killed a cyclops
 10270 | D:8      | Reached XP level 10. HP: 62/77 MP: 1/23
 10509 | D:9      | Noticed a boulder beetle
 10643 | D:9      | Killed a boulder beetle
 10644 | D:9      | Reached skill level 10 in Spellcasting
 10644 | D:9      | Reached skill level 5 in Translocations
 10899 | D:9      | Reached skill level 10 in Conjurations
 11111 | D:9      | Reached * piety under Vehumet
 11111 | D:9      | Offered knowledge of Foxfire by Vehumet.
 11565 | D:9      | Found a staircase to the Orcish Mines.
 11901 | D:9      | Offered knowledge of Kiss of Death by Vehumet.
 11987 | D:9      | Reached ** piety under Vehumet
 12193 | D:9      | Found Ziroypn's Magic Scroll Shop.
 12202 | D:9      | Reached skill level 5 in Fighting
 12202 | D:9      | Reached XP level 11. HP: 86/86 MP: 13/25
 12541 | D:10     | Entered Level 10 of the Dungeon
 12601 | D:10     | Reached skill level 11 in Spellcasting
 13152 | D:10     | Noticed Erica
 13469 | D:10     | Killed Erica
 14047 | Lair:1   | Entered Level 1 of the Lair of Beasts
 14076 | Lair:1   | Offered knowledge of Momentum Strike by Vehumet.
 14573 | Lair:1   | Reached skill level 5 in Alchemy
 14786 | Lair:1   | Reached *** piety under Vehumet
 14787 | Lair:1   | Reached skill level 12 in Spellcasting
 15078 | Lair:1   | Noticed a wolf spider
 15096 | Lair:1   | Killed a wolf spider
 15276 | Lair:1   | Reached XP level 12. HP: 88/97 MP: 9/28
 15900 | Lair:2   | Noticed a four-headed hydra
 15933 | Lair:2   | Killed a four-headed hydra
 15933 | Lair:2   | Offered knowledge of Frozen Ramparts by Vehumet.
 16117 | Lair:2   | You fall into a shaft and drop 1 floor!
 16159 | Lair:3   | Found a staircase to the Snake Pit.
 16844 | Lair:2   | Noticed Nergalle
 16848 | Lair:2   | Noticed Fannar
 16850 | Lair:2   | Killed Nergalle
 16909 | Lair:2   | Killed Fannar
 17052 | Lair:2   | Noticed a boulder beetle
 17066 | Lair:2   | Killed a boulder beetle
 17067 | Lair:2   | Reached skill level 13 in Spellcasting
 17718 | Lair:3   | Noticed a death yak
 17765 | Lair:3   | Killed a death yak
 17818 | Lair:3   | Noticed a death yak
 17818 | Lair:3   | Noticed a death yak
 17818 | Lair:3   | Noticed a death yak
 17819 | Lair:3   | Noticed a death yak
 17821 | Lair:3   | Noticed a death yak
 17827 | Lair:3   | Killed a death yak
 17827 | Lair:3   | Killed a death yak
 17828 | Lair:3   | Killed a death yak
 17833 | Lair:2   | Killed a death yak
 17836 | Lair:2   | Gained mutation: Your mind is acute. (Int +4, Str/Dex -1)
                  | [mutagenic glow]
 17967 | Lair:3   | Killed a death yak
 17967 | Lair:3   | Reached **** piety under Vehumet
 18059 | Lair:3   | Reached XP level 13. HP: 97/107 MP: 28/30
 18539 | Lair:3   | Found a staircase to the Swamp.
 19305 | Lair:4   | Offered knowledge of Hailstorm by Vehumet.
 19306 | Lair:4   | Reached skill level 5 in Dodging
 19556 | Lair:4   | Reached skill level 14 in Spellcasting
 20035 | Lair:4   | Found a staircase to the Slime Pits.
 20582 | Orc:1    | Entered Level 1 of the Orcish Mines
 20593 | Orc:1    | Noticed Snorg
 20594 | Orc:1    | Paralysed by an orc sorcerer for 4 turns
 20698 | Orc:1    | Killed from afar by an orc sorcerer

Illustrated notes

Levels and vault maps discovered:
D:1:      minmay_arrival_up_and_down, layout_basic
D:2:      layout_rooms, hellmonk_ecumenical_altar_blasted
D:3:      layout_loops_ring, mainiacjoe_overflow_surrounded_room,
          lightli_temple_of_fire, gammafunk_ghost_stat_death, uniq_jessica
D:4:      layout_layer_cave, nicolae_tso_swordbearing_angel,
          nicolae_elyvilon_temple_path, minmay_temple_entry_poolview,
          serial_shops, shop, shop
D:5:      layout_layer_cave, gup_sewer_entry_glass, serial_bayou_pond_b,
          hangedman_decor_riveting, uniq_eustachio
D:6:      layout_loops_ring, nicolae_uskayaw_dance_hall,
          serial_library_hellmonk_open_cross, sigmund_army
D:7:      layout_loops_ring
D:8:      minmay_chambers_of_fours, layout_loops_ring, minitemple,
          lemuel_coloured_pillars_altar, david_lair_shrubbed
D:9:      layout_basic, erik_orc_3, special_room [special_room_bee],
          serial_shops, nicolae_shop_stone
D:10:     layout_basic, uniq_erica
Temple:   dpeg_chambers_temple
Lair:1:   minmay_lair_venomous_thicket, layout_cave_pods,
          infiniplex_staircase_pool
Lair:2:   layout_chaotic_city, gauntlet_entry_generic, beast_lair_carwin_2,
          lemuel_fruit_fields, uniq_fannar, uniq_nergalle
Lair:3:   wander_river, layout_cave_pods, palyth_hydra_swamp_entry,
          nicolae_snake_entry_squirm
Lair:4:   layout_roguey, slime_entry_1, enter_volcano_3, grunt_megastairs_2,
          infiniplex_staircase_pool_2
Orc:1:    layout_caves, serial_shops, nicolae_shop_back_alley_shop,
          nicolae_shop_industrial_runoff, uniq_snorg

Skill      XL: |  1  2  3  4  5  6  7  8  9 10 11 12 13 |
---------------+----------------------------------------+-----
Stealth        | 2 3 4 5 |  5.1
Spellcasting   | 3 4 5 6 8 9 10 12 13 14 | 14.3
Conjurations   | 5 6 7 8 9 10 11 12 13 | 13.6
Translocations | 2 3 4 5 6 7 8 |  8.6
Fighting       | 3 5 6 7 8 |  8.6
Alchemy        | 2 4 5 6 7 |  7.3
Dodging        | 3 4 5 |  5.5

Action                     |  1- 3 |  4- 6 |  7- 9 | 10-12 | 13-15 || total
---------------------------+-------+-------+-------+-------+-------++-------
  Melee: Unarmed           |    11 |       |       |       |       ||    11
         Tailslap          |     2 |     3 |     3 |     2 |       ||    10
         Short sword       |     9 |    21 |    35 |    18 |     2 ||    85
         Punch             |       |     1 |       |       |       ||     1
   Cast: Magic Dart        |    60 |    51 |   156 |   149 |    47 ||   463
         Searing Ray       |     2 |     8 |    44 |    33 |    15 ||   102
         Iskenderun's Myst |       |       |    25 |    71 |    35 ||   131
         Irradiate         |       |       |     5 |    63 |    26 ||    94
         Fulminant Prism   |       |       |     1 |     1 |       ||     2
Ability: Breathe Dispellin |       |       |     3 |    12 |     1 ||    16
    Use: Scroll            |     2 |     7 |     1 |     8 |       ||    18
         Potion            |       |       |     4 |       |     1 ||     5
 Armour: Skin              |    11 |    23 |    82 |   195 |   101 ||   412
  Dodge: Dodged            |    17 |    16 |    77 |   130 |    52 ||   292
